AoeStats
← 潜水吧!奈亚子

Arena

509979676Analyzed
1v1 RM · 4d ago on Sep 28, 2026· 21m 11s· 2 players
Game mode
Random Map
Map size
Tiny (2 player)
Population
200
Speed
Normal
Resources
Standard
Victory
Conquest
Starting age
Dark Age
Ending age
Imperial Age
RankedLock teamsTeams togetherTeam positionsShared explorationLock speedFull tech treeHidden civsTurbo modeCheats
Victory
Defeat
🇨🇳 Vikings · China
1034
+15
🇲🇽 Teutons · Mexico
1007
-15
潜水吧!奈亚子
10:01 Feudal Age
14:35 Castle Age
12:54 Double-Bit Axe
13:34 Horse Collar
15:59 Bow Saw
16:21 Loom
Yael090
11:18 Feudal Age
13:13 Loom
16:05 Castle Age
15:19 Horse Collar
16:16 Wheelbarrow
15:37 Double-Bit Axe
20:53 Hand Cart
Connection lost

Rejoining the realm…

Still unreachable

The connection could not be restored.

Session expired

The server has moved on; the page needs a fresh start.